3A
BELLEVILLE BULLS @ ALAMEDA AIRMEN
07/19/2022
 
TOP OF THE 1ST
Belleville Bulls batting - Pitching for Alameda Airmen : LHP Roberto Silva
Pitching: LHP Roberto Silva
Batting: LHB Manuel Sánchez 0-0: Ball
1-0: Ball
2-0: Ball
3-0: Called Strike
3-1: Ground out U3 (Groundball, 3)
Batting: RHB Paddy Hodnett 0-0: Called Strike
0-1: Ball
1-1: Foul Ball, location: 2F
1-2: Fly out, F4 (Popup, 34D)
Batting: RHB Felipe Gonzáles 0-0: SINGLE (Groundball, 6M)
Batting: LHB Adriano Amicis 0-0: Called Strike
0-1: Ground out 6-3 (Groundball, 6)
Top of the 1st over - 0 run(s), 1 hit(s), 0 error(s), 1 left on base; Belleville 0 - Alameda 0
BOTTOM OF THE 1ST
Alameda Airmen batting - Pitching for Belleville Bulls : RHP José Zavala
Pitching: RHP José Zavala
Batting: RHB Mariano Sánchez 0-0: TRIPLE (Flyball, 89M)
Batting: RHB Vicente Rodríguez 0-0: Swinging Strike
0-1: Foul Ball, location: 2F
0-2: Ball
1-2: Strikes out swinging
Batting: RHB Joe Phillips 0-0: Foul Ball, location: 2F
0-1: Foul Ball, location: 2F
0-2: Foul Ball, location: 2F
0-2: Ball
1-2: Ball
2-2: Strikes out swinging
Batting: LHB Jorge Vargas 0-0: Ball
1-0: Called Strike
1-1: Fly out, F8 (Flyball, 8LM)
Bottom of the 1st over - 0 run(s), 1 hit(s), 0 error(s), 1 left on base; Belleville 0 - Alameda 0
TOP OF THE 2ND
Belleville Bulls batting - Pitching for Alameda Airmen : LHP Roberto Silva
Batting: RHB Henry Mann 0-0: Foul Ball, location: 2F
0-1: Ball
1-1: Ball
2-1: Called Strike
2-2: Strikes out swinging
Batting: RHB Lee Charles 0-0: Ball
1-0: Called Strike
1-1: Foul Ball, location: 2F
1-2: Foul Ball, location: 2F
1-2: Ground out 5-3 (Groundball, 56S)
Batting: RHB Ángel Rosa 0-0: Ball
1-0: SINGLE (Flyball, 4MD)
Batting: RHB Jaime Ramírez 0-0: Ball
1-0: Ground out 6-3 (Groundball, 6)
Top of the 2nd over - 0 run(s), 1 hit(s), 0 error(s), 1 left on base; Belleville 0 - Alameda 0
BOTTOM OF THE 2ND
Alameda Airmen batting - Pitching for Belleville Bulls : RHP José Zavala
Batting: SHB Esteban Lugo 0-0: Called Strike
0-1: Ball
1-1: Ground out 5-3 (Groundball, 5S)
Batting: RHB Ricardo Téllez 0-0: Ball
1-0: Foul Ball, location: 2F
1-1: Called Strike
1-2: Strikes out looking
Batting: RHB Francisco Mejía 0-0: Called Strike
0-1: Called Strike
0-2: Strikes out looking
Bottom of the 2nd over - 0 run(s), 0 hit(s), 0 error(s), 0 left on base; Belleville 0 - Alameda 0
TOP OF THE 3RD
Belleville Bulls batting - Pitching for Alameda Airmen : LHP Roberto Silva
Batting: RHB Howard Fewell 0-0: Ball
1-0: Ball
2-0: Ball
3-0: Base on Balls
Batting: LHB Manuel Sánchez 0-0: Called Strike
0-1: Ball
1-1: Ball
2-1: SINGLE (Groundball, 13S) (infield hit)
Howard Fewell to second
Batting: RHB Paddy Hodnett 0-0: Grounds into double play, 2-6-3 (Groundball, 2R)
Howard Fewell to third
Batting: RHB Felipe Gonzáles 0-0: Ball
Wild Pitch!
Howard Fewell scores
1-0: SINGLE (Line Drive, 56D)
Batting: LHB Adriano Amicis 0-0: Ball
1-0: Ball
2-0: Foul Ball, location: 2F
2-1: Called Strike
2-2: Foul Ball, location: 2F
2-2: Strikes out swinging
Top of the 3rd over - 1 run(s), 2 hit(s), 0 error(s), 1 left on base; Belleville 1 - Alameda 0
BOTTOM OF THE 3RD
Alameda Airmen batting - Pitching for Belleville Bulls : RHP José Zavala
Batting: SHB Orlando Villa 0-0: Ball
1-0: Foul Ball, location: 2F
1-1: Fly out, F8 (Flyball, 8RM)
Batting: RHB Lenny Roper 0-0: Ball
1-0: Called Strike
1-1: Swinging Strike
1-2: Strikes out looking
Batting: RHB Mariano Sánchez 0-0: Ball
1-0: Ball
2-0: Called Strike
2-1: Swinging Strike
2-2: Strikes out swinging
Bottom of the 3rd over - 0 run(s), 0 hit(s), 0 error(s), 0 left on base; Belleville 1 - Alameda 0
TOP OF THE 4TH
Belleville Bulls batting - Pitching for Alameda Airmen : LHP Roberto Silva
Batting: RHB Henry Mann 0-0: Ball
1-0: Ball
2-0: Called Strike
2-1: Ball
3-1: SINGLE (Groundball, 34)
Batting: RHB Lee Charles 0-0: Called Strike
0-1: Foul Ball, location: 2F
0-2: Ball
1-2: Ground out 4-3 (Groundball, 13)
Henry Mann to second
Batting: RHB Ángel Rosa 0-0: Called Strike
0-1: Ground out 4-3 (Groundball, 4)
Henry Mann to third
Batting: RHB Jaime Ramírez 0-0: Fly out, F8 (Flyball, 8RM)
Top of the 4th over - 0 run(s), 1 hit(s), 0 error(s), 1 left on base; Belleville 1 - Alameda 0
BOTTOM OF THE 4TH
Alameda Airmen batting - Pitching for Belleville Bulls : RHP José Zavala
Batting: RHB Vicente Rodríguez 0-0: Called Strike
0-1: Fly out, F9 (Popup, 4D)
Batting: RHB Joe Phillips 0-0: SINGLE (Groundball, 4MD)
Batting: LHB Jorge Vargas 0-0: Swinging Strike
0-1: Swinging Strike
0-2: Strikes out swinging
Batting: SHB Esteban Lugo 0-0: Ball
1-0: Called Strike
1-1: Swinging Strike
1-2: Ball
2-2: SINGLE (Groundball, 4MD)
Joe Phillips to second
Batting: RHB Ricardo Téllez 0-0: Foul Ball, location: 2F
0-1: Ground out 6-3 (Groundball, 56)
Bottom of the 4th over - 0 run(s), 2 hit(s), 0 error(s), 2 left on base; Belleville 1 - Alameda 0
TOP OF THE 5TH
Belleville Bulls batting - Pitching for Alameda Airmen : LHP Roberto Silva
Batting: RHB Howard Fewell 0-0: Called Strike
0-1: Ball
1-1: Foul Ball, location: 2F
1-2: Foul Ball, location: 2F
1-2: Ball
2-2: Foul Ball, location: 2F
2-2: Ball
3-2: Strikes out looking
Batting: LHB Manuel Sánchez 0-0: Called Strike
0-1: Ball
1-1: Ball
2-1: Foul Ball, location: 2F
2-2: Ground out U3 (Groundball, 3S)
Batting: RHB Paddy Hodnett 0-0: Called Strike
0-1: Ball
1-1: Ball
2-1: Foul Ball, location: 2F
2-2: Ball
3-2: Base on Balls
Batting: RHB Felipe Gonzáles 0-0: Swinging Strike
0-1: Reached on error, E5 (Groundball, 5S)
Paddy Hodnett to second
Batting: LHB Adriano Amicis 0-0: SINGLE (Groundball, 34D) (infield hit)
Paddy Hodnett to third
Felipe Gonzáles to second
Batting: RHB Henry Mann 0-0: Called Strike
0-1: Ball
1-1: Ball
2-1: Ball
3-1: Fly out, F8 (Flyball, 8RM)
Top of the 5th over - 0 run(s), 1 hit(s), 1 error(s), 3 left on base; Belleville 1 - Alameda 0
BOTTOM OF THE 5TH
Alameda Airmen batting - Pitching for Belleville Bulls : RHP José Zavala
Batting: RHB Francisco Mejía 0-0: Foul Ball, location: 2F
0-1: Foul Ball, location: 2F
0-2: Ball
1-2: Foul Ball, location: 2F
1-2: Strikes out swinging
Batting: SHB Orlando Villa 0-0: Ball
1-0: Called Strike
1-1: Ball
2-1: Foul Ball, location: 2F
2-2: Ball
3-2: Strikes out looking
Batting: RHB Lenny Roper 0-0: Called Strike
0-1: Ball
1-1: Ball
2-1: Ball
3-1: Foul Ball, location: 2F
3-2: Strikes out swinging
Bottom of the 5th over - 0 run(s), 0 hit(s), 0 error(s), 0 left on base; Belleville 1 - Alameda 0
TOP OF THE 6TH
Belleville Bulls batting - Pitching for Alameda Airmen : LHP Roberto Silva
Batting: RHB Lee Charles 0-0: Called Strike
0-1: Called Strike
0-2: Strikes out looking
Pitching: LHP Cristo Perales
Batting: RHB Ángel Rosa 0-0: Foul Ball, location: 2F
0-1: Swinging Strike
0-2: Strikes out swinging
Batting: RHB Jaime Ramírez 0-0: Ball
1-0: Foul Ball, location: 2F
1-1: Foul Ball, location: 2F
1-2: Ball
2-2: Ball
3-2: Strikes out swinging
Top of the 6th over - 0 run(s), 0 hit(s), 0 error(s), 0 left on base; Belleville 1 - Alameda 0
BOTTOM OF THE 6TH
Alameda Airmen batting - Pitching for Belleville Bulls : RHP José Zavala
Batting: RHB Mariano Sánchez 0-0: Foul Ball, location: 2F
0-1: Swinging Strike
0-2: Ground out 6-3 (Groundball, 6M)
Batting: RHB Vicente Rodríguez 0-0: Fly out, F1 (Line Drive, 13S)
Batting: RHB Joe Phillips 0-0: Ball
1-0: DOUBLE (Line Drive, 78M)
Batting: LHB Jorge Vargas 0-0: Ball
1-0: Fly out, F7 (Line Drive, 78M)
Bottom of the 6th over - 0 run(s), 1 hit(s), 0 error(s), 1 left on base; Belleville 1 - Alameda 0
TOP OF THE 7TH
Belleville Bulls batting - Pitching for Alameda Airmen : LHP Cristo Perales
Batting: RHB Howard Fewell 0-0: Ball
1-0: Foul Ball, location: 2F
1-1: Foul Ball, location: 2F
1-2: Strikes out swinging
Batting: LHB Manuel Sánchez 0-0: Ground out 4-3 (Groundball, 34)
Batting: RHB Paddy Hodnett 0-0: Called Strike
0-1: Ball
1-1: Fly out, F7 (Flyball, 7LM)
Top of the 7th over - 0 run(s), 0 hit(s), 0 error(s), 0 left on base; Belleville 1 - Alameda 0
BOTTOM OF THE 7TH
Alameda Airmen batting - Pitching for Belleville Bulls : RHP José Zavala
Batting: SHB Esteban Lugo 0-0: DOUBLE (Line Drive, 78XD)
Batting: RHB Ricardo Téllez 0-0: Fly out, F7 (Flyball, 7LS)
Pinch Hitting: RHB Juan García 0-0: Ball
1-0: Swinging Strike
1-1: Fly out, F4 (Popup, 4MD)
Batting: SHB Orlando Villa 0-0: Fly out, F9 (Line Drive, 9D)
Bottom of the 7th over - 0 run(s), 1 hit(s), 0 error(s), 1 left on base; Belleville 1 - Alameda 0
TOP OF THE 8TH
Belleville Bulls batting - Pitching for Alameda Airmen : LHP Cristo Perales
Now in LF: Gustavo Meza
Batting: RHB Felipe Gonzáles 0-0: Swinging Strike
0-1: Ball
1-1: Foul Ball, location: 2F
1-2: Strikes out looking
Batting: LHB Adriano Amicis 0-0: Foul Ball, location: 2F
0-1: Foul Ball, location: 2F
0-2: Ball
1-2: Ball
2-2: Foul Ball, location: 2F
2-2: Strikes out looking
Batting: RHB Henry Mann 0-0: Foul Ball, location: 2F
0-1: Swinging Strike
0-2: Ball
1-2: Ball
2-2: Ball
3-2: Base on Balls
Pitching: LHP Finn Wuilink
Pinch Hitting: SHB Jim Unknown 0-0: Ball
1-0: Swinging Strike
1-1: Swinging Strike
1-2: Foul Ball, location: 2F
1-2: Strikes out swinging
Top of the 8th over - 0 run(s), 0 hit(s), 0 error(s), 1 left on base; Belleville 1 - Alameda 0
BOTTOM OF THE 8TH
Alameda Airmen batting - Pitching for Belleville Bulls : RHP José Zavala
Now at 2B: Jim Unknown
Batting: RHB Lenny Roper 0-0: Foul Ball, location: 2F
0-1: SINGLE (Line Drive, 56)
Batting: RHB Mariano Sánchez 0-0: Sac Bunt - play at first, batter OUT! U3
Lenny Roper to second
Batting: RHB Vicente Rodríguez 0-0: Ball
1-0: Called Strike
1-1: Ball
2-1: Ball
3-1: Base on Balls
Batting: RHB Joe Phillips 0-0: Foul Ball, location: 2F
0-1: Ball
1-1: Foul Ball, location: 2F
1-2: Ball
2-2: SINGLE (Flyball, 78S)
Lenny Roper to third
Vicente Rodríguez to second
Batting: LHB Jorge Vargas 0-0: Fly out, F7 (Flyball, 7M)
Batting: SHB Esteban Lugo 0-0: Ground out 3-1 (Groundball, 34S)
Bottom of the 8th over - 0 run(s), 2 hit(s), 0 error(s), 3 left on base; Belleville 1 - Alameda 0
TOP OF THE 9TH
Belleville Bulls batting - Pitching for Alameda Airmen : LHP Finn Wuilink
Batting: RHB Ángel Rosa 0-0: SINGLE (Groundball, 13) (infield hit)
Batting: RHB Jaime Ramírez 0-0: Sac Bunt - play at first, batter OUT! 1-4
Ángel Rosa to second
Pinch Hitting: LHB Jim Unknown 0-0: Foul Ball, location: 2F
0-1: Ball
1-1: SINGLE (Groundball, 34D)
Ángel Rosa to third
Runner from 3rd tries for Home, SAFE, no throw or cutoff
Batting: LHB Manuel Sánchez 0-0: Ball
1-0: Foul Ball, location: 2F
1-1: Foul Ball, location: 2F
1-2: Foul Ball, location: 2F
1-2: Ball
2-2: Strikes out swinging
Batting: RHB Paddy Hodnett 0-0: Ball
1-0: DOUBLE (Line Drive, 5D)
Jim Unknown to third
Runner from 3rd tries for Home, SAFE, no throw or cutoff
Batting: RHB Felipe Gonzáles 0-0: Ball
1-0: Ball
2-0: Ball
3-0: Called Strike
3-1: Base on Balls
Batting: LHB Adriano Amicis 0-0: Called Strike
0-1: SINGLE (Groundball, 4MD)
Paddy Hodnett to third
Felipe Gonzáles to second
Runner from 3rd tries for Home, SAFE, no throw or cutoff
Pitching: RHP Nigel Sweeny
Batting: RHB Henry Mann 0-0: Ball
1-0: Ball
2-0: Called Strike
2-1: Fly out, F1 (Line Drive, 13S)
Top of the 9th over - 3 run(s), 4 hit(s), 0 error(s), 2 left on base; Belleville 4 - Alameda 0
BOTTOM OF THE 9TH
Alameda Airmen batting - Pitching for Belleville Bulls : RHP José Zavala
Now in LF: Jim Unknown
Batting: RHB Ricardo Téllez 0-0: Ball
1-0: Called Strike
1-1: Ground out 6-3 (Groundball, 6M)
Batting: RHB Gustavo Meza 0-0: Ball
1-0: Fly out, F7 (Flyball, 7M)
Batting: SHB Orlando Villa 0-0: Foul Ball, location: 2F
0-1: Ball
1-1: Foul Ball, location: 2F
1-2: Ball
2-2: Ground out 6-3 (Groundball, 6)
Bottom of the 9th over - 0 run(s), 0 hit(s), 0 error(s), 0 left on base; Belleville 4 - Alameda 0
This league is powered by Out of the Park Baseball, the baseball management simulation game for PC, Mac and Linux
Friday, April 15th, 2016 - OOTP Baseball 16.9 Build 39